 Dungeon Crawl Stone Soup version 0.26-a0-712-ga5a9c9c9d0 (webtiles) character file.

Game seed: 7286734263306755170

4 Inarius the Skirmisher (level 1, -22/19 HPs)
             Began as a Draconian Chaos Knight on Nov 2, 2020.
             Was a Plaything of Xom.
             Shot with an arrow by a deep elf archer (33 damage)
             ... summoned by a worldbinder
             ... on level 1 of the Abyss.
             The game lasted 00:00:35 (206 turns).

Inarius the Skirmisher (Draconian Chaos Knight)      Turns: 206, Time: 00:00:36

Health: -22/19     AC:  4    Str: 14    XL:     1   Next: 50%
Magic:  1/1        EV: 12    Int: 12    God:    Xom [..*...]
Gold:   58         SH:  0    Dex: 10    Spells: 0/0 levels left

rFire    . . .     SeeInvis .   a - +0 hand axe (chaos)
rCold    . . .     Faith    .   (no shield)
rNeg     . . .     Spirit   .   (armour unavailable)
rPois    .         Reflect  .   (helmet restricted)
rElec    .         Harm     .   (no cloak)
rCorr    .         Rampage  .   (no gloves)
MR       .....                  (no boots)
Stlth    +.........             (no amulet)
HPRegen  0.06/turn              (no ring)
MPRegen  0.07/turn              (no ring)

@: no status effects
A: unfitting armour, cold-blooded, AC +4
a: Renounce Religion


You were on level 1 of the Abyss.
You worshipped Xom.
You were a toy of Xom.
You visited 1 branch of the dungeon, and saw 1 of its levels.
You visited the Abyss 1 time.

You collected 58 gold pieces.

Inventory:

Hand Weapons
 a - a +0 hand axe of chaos (weapon)
Scrolls
 b - a scroll of teleportation {unknown}
 c - a scroll of identify {unknown}


   Skills:
 + Level 3.3 Fighting
 * Level 3.1 Axes
 + Level 2.1 Dodging


You couldn't memorise any spells.
You didn't know any spells.
Your spell library contained the following spells:

 Spells                   Type           Power        Failure   Level
 Malign Gateway           Summ/Tloc      #.........   100%        7
 Orb of Destruction       Conj           #.........   100%        7
 Spellforged Servitor     Conj/Summ      #.........   100%        7
 Summon Hydra             Summ           #.........   100%        7


Dungeon Overview and Level Annotations

Branches:
Dungeon (1/15)

Altars:


Innate Abilities, Weirdness & Mutations

Your plain brown scales are hard. (AC +4)
You cannot fit into any form of body armour.
You are cold-blooded and may be slowed by cold attacks.


Message History

You add the spells Spellforged Servitor, Orb of Destruction, Summon Hydra and Malign Gateway to your library.
A worldbinder comes into view.
The worldbinder calls forth creatures from the Elven Halls!
A white imp comes into view.
The white imp shouts!
The worldbinder calls forth creatures from the Elven Halls!
The deep elf mage gestures wildly while chanting.
The deep elf mage blinks!
The deep elf archer unwields a +0 dagger.
The deep elf archer wields a +0 shortbow.
The deep elf archer shoots an arrow.
The arrow hits you!
The arrow disappears in a puff of smoke!
The deep elf mage disappears in a puff of smoke!
The deep elf archer disappears in a puff of smoke!
The deep elf archer unwields a +0 dagger.
The deep elf archer wields a +0 longbow.
The deep elf archer shoots an arrow.
The arrow hits you!!
Ouch! That really hurt!
You die...
Xom thinks this is hilarious!

... ... .# ... .###.##
###....# .
##........... #
#......โ‰ˆ. .. ####..
#.. ........###...5..
#.......#####......โ‰ˆ.
#.....###......e.....
####.##......ยง.xe...#
#.. ........@.e...#
..#...โ‰ˆ......#####
#.....#.....###
#.......##### #.....###
#######


You could see a deep elf archer (summoned, repels missiles), a deep elf knight
(summoned), a deep elf mage (summoned), a worldbinder and a white imp.

Vanquished Creatures
  2 hobgoblins (D:1)
  A bat (D:1)
  A kobold (D:1)
4 creatures vanquished.

Notes
Turn   | Place    | Note
-------+----------+-------------------------------------------
     0 | D:1      | Inarius the Draconian Chaos Knight began the quest for the
                  | Orb.
     0 | D:1      | Reached XP level 1. HP: 19/19 MP: 1/1
    37 | D:1      | XOM: potion effect (might)
   148 | D:1      | Cast into level 1 of the Abyss (kobold)
   182 | Abyss:1  | Identified Sif Muna's Arcane Secrets of Magic
   203 | Abyss:1  | Noticed a worldbinder
   205 | Abyss:1  | Noticed a deep elf mage
   205 | Abyss:1  | Noticed a deep elf archer
   206 | Abyss:1  | Noticed a deep elf archer
   206 | Abyss:1  | Noticed a deep elf knight
   206 | Abyss:1  | Noticed a deep elf mage
   206 | Abyss:1  | Shot with an arrow by a deep elf archer

Illustrated notes

Levels and vault maps discovered:
D:1:      giann_horns, layout_rooms
Abyss:1:  base: Temple, gammafunk_corrupted_shrine

Action                   || total
-------------------------++-------
Melee: Hand axe          ||    13
Armor: Skin              ||     6
Dodge: Dodged            ||    10

Table legend: (Time is in decaauts)
 A = Elapsed time spent in this place.
 B = Non-inter-level travel time spent in this place.
 C = Inter-level travel time spent in this place.
 D = Time resting spent in this place.
 E = Time spent auto-exploring this place.
 F = Levels seen in this place.
 G = Mean time per level.
                   A        B        C        D        E       F      G
               +--------+--------+--------+--------+--------+-----+--------+
         Total |    207 |    207 |      0 |      0 |    117 |   2 |  103.5 |
       Dungeon |    150 |    150 |      0 |      0 |    117 |   1 |  150.0 |
         Abyss |     57 |     57 |      0 |      0 |      0 |   1 |   57.0 |
               +--------+--------+--------+--------+--------+-----+--------+

Top non-repeatable levels by time:
     D:1: 150 daAuts
 Abyss:1: 57 daAuts
